AoeStats
← ncurottoe

Arabia

510402707Analyzed
1v1 RM · 2d ago on Sep 30, 2026· 22m 8s· 2 players
Game mode
Random Map
Map size
Tiny (2 player)
Population
200
Speed
Normal
Resources
Standard
Victory
Conquest
Starting age
Dark Age
Ending age
Imperial Age
RankedLock teamsTeams togetherTeam positionsShared explorationLock speedFull tech treeHidden civsTurbo modeCheats
Victory
Defeat
🇲🇽 Hindustanis · Mexico
1349
+16
🇨🇱 Britons · Chile
1343
-16
ncurottoe
8:56 Feudal Age
9:27 Loom
9:31 Man-at-Arms
10:40 Double-Bit Axe
19:13 Castle Age
19:18 Horse Collar
20:03 Fletching
21:49 Bodkin Arrow
Jovac
8:46 Loom
10:57 Feudal Age
16:14 Castle Age
14:25 Double-Bit Axe
14:44 Horse Collar
15:07 Stone Mining
17:56 Bow Saw
17:47 Heavy Plow
19:17 Gold Mining
21:46 Scale Mail Armor
Connection lost

Rejoining the realm…

Still unreachable

The connection could not be restored.

Session expired

The server has moved on; the page needs a fresh start.